 Dungeon Crawl Stone Soup version 0.30-a0-782-ge64f9170bb (webtiles) character file.

Game seed: 15482686418193444571

69 theswoord the Chopper (level 4, -5/49 HPs)
             Began as a Demonspawn Gladiator on Feb 20, 2023.
             Slain by a gnoll
             ... wielding a +0 flail
              (8 damage)
             ... on level 2 of the Dungeon.
             The game lasted 00:01:01 (799 turns).

theswoord the Chopper (Demonspawn Gladiator)         Turns: 799, Time: 00:01:01

Health: -5/49      AC: 22    Str: 16    XL:     4   Next: 2%
Magic:  4/4        EV:  2    Int: 10    God:
Gold:   34         SH:  0    Dex: 14    Spells: 3/3 levels left

rFire   . . .      SeeInvis .    a - +0 war axe
rCold   . . .      Faith    .    (no shield)
rNeg    . . .      Spirit   .    (body armour currently unavailable)
rPois   +          Reflect  .    (helmet currently unavailable)
rElec   .          Harm     .    (cloak currently unavailable)
rCorr   .          Rampage  .    (gloves currently unavailable)
Will    .....      NoTele   +    (boots currently unavailable)
Stlth   +                        (no amulet)
HPRegen 0.28/turn                (no ring)
MPRegen 0.09/turn                (no ring)

@: tree-form
A: stationary, stasis, torment immunity, boosted hp, rugged brown scales 1,
(demonic touch 1)
a: no special abilities


You were on level 2 of the Dungeon.
You were a tree.
You visited 1 branch of the dungeon, and saw 2 of its levels.

You collected 34 gold pieces.

Inventory:

Hand Weapons
 a - a +0 war axe (weapon)
Missiles
 d - 3 throwing nets (quivered)
 e - a javelin
Armour
 b - a +0 leather armour (melded)
 c - a +0 helmet (melded)
Potions
 g - a potion of curing


   Skills:
 - Level 2.0 Fighting
 + Level 4.5 Axes
 - Level 1.7 Throwing
 - Level 2.6 Dodging


You had 3 spell levels left.
You didn't know any spells.
Your spell library was empty.

Dungeon Overview and Level Annotations

Branches:
Dungeon (2/15)

Altars:


Innate Abilities, Weirdness & Mutations

You are a tree.
Your roots penetrate the ground, keeping you stationary.
You cannot be teleported.
You are immune to unholy pain and torment.
Your maximum health is greatly increased.
Your equipment is partially melded.
(You are partially covered in rugged brown scales. (AC +1, +3% HP))
((Your touch may inflict minor irresistible damage on your foes.))


Message History

The adder bites you but does no damage. The hound bites you but does no damage.
The adder barely misses you. The hound bites you but does no damage.
You closely miss the adder. You hit the hound. The hound barely misses you.
The adder bites you but does no damage. The hound bites you.
The adder completely misses you.
You hit the hound.
You kill the hound!
You miss the adder. The adder bites you but does no damage.
The ball python bites you. The ball python grabs you.
The ball python constricts you. The adder bites you but does no damage.
Your Axes skill increases to level 4!
You slash the ball python!
You kill the ball python!
You barely miss the adder. The adder bites you.
The gnoll hits you but does no damage.
The ball python bites you but does no damage.
The ball python grabs you. The ball python constricts you.
You hit the ball python.
You kill the ball python!
You barely miss the adder. The adder bites you.
The gnoll hits you but does no damage. The adder bites you but does no damage.
You miss the adder. The adder bites you but does no damage.
The gnoll hits you from afar with a +0 halberd.
The adder bites you but does no damage.
The gnoll hits you but does no damage. x2
You miss the adder. You barely miss the gnoll. The adder bites you.
The gnoll hits you but does no damage. The gnoll barely misses you.
You hit the adder.
You kill the adder!
You hit the gnoll but do no damage. The gnoll hits you but does no damage.
The gnoll hits you from afar with a +0 halberd!
* * * LOW HITPOINT WARNING * * *
You have reached level 4!
You feel clever.
Your demonic ancestry asserts itself...
Rugged brown scales grow over part of your body.
You barely miss the gnoll. You hit the gnoll.
The gnoll hits you but does no damage. The gnoll barely misses you.
The gnoll hits you from afar with a +0 halberd!
* * * LOW HITPOINT WARNING * * *
The gnoll completely misses you. The gnoll hits you with a +0 flail!
You die...

*,,,,,,,,,,,*,******,,,,,,,,,,,*
*,,,,,,,,......,,,,,,,,,,,,,,*,,
*****,,*,.#.....,,***,,,,,,,,,*,,
,,,,,,,,,.......*,,##,,,,,,,,,,,,
,,,,,,,,,,#.....,,..,,,,,,,,,,*,,
,,,,,,,,,,#.....##.,,,,,,,,,,,<,*
,,,,,,,,,*#...g...,,,.....,,,,,,,
,,,,,,,,,*#....gg#,,#.....,,,,,,>
,,,,,,,,,***#.##♣#*,.......,,,,,,
,,,,,,,,,* #....###.......,,,,,,
********** ##..?!...........,,,,
##....#...>.)....,,,,
****#..##..(.........,,,,
**,......##†..........,,,<
**,........#...........,,,,
*,,...............(....,,,,
*,,...........#........,,,,


You could see 3 gnolls.

Vanquished Creatures
  A hound (D:2)
  An adder (D:2)
  2 dart slugs (D:1)
  4 ball pythons
  An endoplasm (D:1)
  2 giant cockroaches (D:1)
  2 hobgoblins (D:1)
  3 kobolds (D:1)
  2 quokkas
  A frilled lizard (D:2)
  3 goblins (D:1)
  4 rats
26 creatures vanquished.

Notes
Turn   | Place    | Note
-------+----------+-------------------------------------------
     0 | D:1      | theswoord the Demonspawn Gladiator began the quest for the
                  | Orb.
     0 | D:1      | Reached XP level 1. HP: 16/16 MP: 1/1
    65 | D:1      | Reached skill level 3 in Axes
   172 | D:1      | Gained mutation: Your touch may inflict minor irresistible
                  | damage on your foes. [demonic ancestry]
   172 | D:1      | Reached XP level 2. HP: 21/22 MP: 2/2
   781 | D:2      | Reached XP level 3. HP: 27/27 MP: 3/3
   794 | D:2      | Reached skill level 4 in Axes
   799 | D:2      | Gained mutation: You are partially covered in rugged brown
                  | scales. (AC +1, +3% HP) [demonic ancestry]
   799 | D:2      | Reached XP level 4. HP: 11/33 MP: 4/4
   799 | D:2      | Slain by a gnoll

Skill      XL: |  1  2  3 |
---------------+----------+-----
Axes           | 3 4 |  4.5
Fighting       | |  2.0
Throwing       | |  1.7
Dodging        | |  2.6

Action                     |  1- 3 |  4- 6 || total
---------------------------+-------+-------++-------
  Melee: War axe           |    66 |     1 ||    67
         Touch             |     5 |       ||     5
    Use: Scroll            |     3 |       ||     3
         Potion            |     1 |       ||     1
   Stab: Sleeping          |     1 |       ||     1
 Armour: Leather armour    |    20 |       ||    20
         Skin              |    34 |     1 ||    35
  Dodge: Dodged            |    41 |     2 ||    43

Levels and vault maps discovered:
D:1:      co_arrival_square_in_a_square_in_a_square, layout_basic,
          minmay_pentomino_r2
D:2:      layout_rooms, nicolae_ecumenical_snake_handling, feat_on_display
